 Dungeon Crawl Stone Soup version 0.28.0-45-g0d030f2227 (webtiles) character file.

Game seed: 9635275591533126423

51 L33tCrusader the Skirmisher (level 3, -1/33 HPs)
             Began as a Minotaur Berserker on Apr 20, 2022.
             Was a Believer of Trog.
             Slain by Robin
             ... wielding a +0 club
              (4 damage)
             ... on level 2 of the Dungeon.
             The game lasted 00:03:29 (905 turns).

L33tCrusader the Skirmisher (Minotaur Berserker)     Turns: 905, Time: 00:03:29

Health: -1/33      AC:  2    Str: 23    XL:     3   Next: 58%
Magic:  2/2        EV: 12    Int:  4    God:    Trog [**....]
Gold:   39         SH:  0    Dex:  9    Spells: 2/2 levels left

rFire   . . .      SeeInvis .   e - +0 long sword
rCold   . . .      Faith    .   (no shield)
rNeg    . . .      Spirit   .   b - +0 animal skin
rPois   .          Reflect  .   (helmet restricted)
rElec   .          Harm     .   (no cloak)
rCorr   .          Rampage  .   (no gloves)
Will    .....                   (no boots)
Stlth   +.........              (no amulet)
HPRegen 0.11/turn               c - ring of flight
MPRegen 0.08/turn               (no ring)

@: flying
A: horns 2, retaliatory headbutt
a: Renounce Religion, Berserk, Trog's Hand


You were on level 2 of the Dungeon.
You worshipped Trog.
Trog was pleased with you.
You visited 1 branch of the dungeon, and saw 2 of its levels.

You collected 39 gold pieces.

Inventory:

Hand Weapons
 a - a +0 mace
 e - a +0 long sword (weapon)
Armour
 b - a +0 animal skin (worn)
Jewellery
 c - a ring of flight (left hand)
Scrolls
 d - a scroll of holy word {unknown}
Potions
 f - a potion of mutation {unknown}


   Skills:
 + Level 4.1 Fighting
 * Level 1.0 Long Blades
 - Level 4.0 Maces & Flails
 + Level 3.2 Armour
 * Level 2.9 Dodging


You had 2 spell levels left.
You didn't know any spells.
Your spell library was empty.

Dungeon Overview and Level Annotations

Branches:
Dungeon (1/15)

Altars:

Annotations:
D:2 Robin


Innate Abilities, Weirdness & Mutations

You have a pair of horns on your head.
You reflexively headbutt those who attack you in melee.


Message History

The goblins go into a battle-frenzy!
The goblin hits you with a +0 club.
The goblin shoots a stone.
The stone completely misses you.
A hobgoblin comes into view.
You barely miss the goblin. Your headbutt misses the goblin.
Robin throws the goblin at you! The goblin barely misses you.
You furiously retaliate!
You headbutt the goblin!
You kill the goblin!
Trog accepts your kill. The goblin hits you but does no damage.
You completely miss the goblin. The goblin hits you with a +0 dagger.
Robin says, "A pitiful Minotaur like you will never find the ORB!"
The goblin hits you with a +0 dagger.
You closely miss the goblin.
The goblin unwields a +0 hunting sling.
The goblin wields a +0 dagger.
The goblin misses you. The goblin barely misses you. You furiously retaliate!
You headbutt the goblin. You hit the goblin.
You kill the goblin!
Trog accepts your kill. Robin hits you with a +0 club.
* * * LOW HITPOINT WARNING * * *
The goblin hits you with a +0 dagger.
* * * LOW HITPOINT WARNING * * *
Your Long Blades skill increases to level 1!
The goblin hits you with a +0 dagger.
* * * LOW HITPOINT WARNING * * *
Robin misses you.
Items here: ( ))) ††.
Robin throws the goblin at you!
You slash the goblin!
You kill the goblin!
Trog accepts your kill.
Robin says, "A pitiful Minotaur like you will never find the ORB!"
You slash Robin! Your headbutt misses Robin.
Robin is severely wounded.
Robin misses you.
You hit Robin. You headbutt Robin.
Robin is almost dead.
Robin hits you with a +0 club.
You die...

#.# ##........(....)###
#.# #.........##.##...##
#.# #.........##..###..#
#.###...........#......##
................(......#
#..######................
##.######................
#....gg##................
#..####gg@................
####)...............
#................
#...............#
##.#.....##.....##
###..####### ###..##
#......# ###.#.. #.<....#
##.....# #......# #>.#.###


You could see Robin and 3 hobgoblins.

Vanquished Creatures
  2 adders (D:2)
  2 ball pythons (D:2)
  4 bats
  3 endoplasms
  8 goblins
  5 hobgoblins
  2 frilled lizards
  4 rats
30 creatures vanquished.

Notes
Turn   | Place    | Note
-------+----------+-------------------------------------------
     0 | D:1      | L33tCrusader the Minotaur Berserker began the quest for the
                  | Orb.
     0 | D:1      | Reached XP level 1. HP: 19/19 MP: 0/0
   129 | D:1      | Reached XP level 2. HP: 27/27 MP: 1/1
   272 | D:1      | You are sucked into a shaft and drop 1 floor!
   472 | D:2      | Reached XP level 3. HP: 24/33 MP: 2/2
   739 | D:2      | Reached ** piety under Trog
   894 | D:2      | Noticed Robin
   901 | D:2      | Reached skill level 1 in Long Blades
   905 | D:2      | Slain by Robin

Illustrated notes

Levels and vault maps discovered:
D:1:      ncdulo_lavacross, layout_basic, shapermc_ecumenical_altar_notcrosses
D:2:      layout_rooms, uniq_robin

Skill      XL: |  1  2  3 |
---------------+----------+-----
Fighting       | 4 |  4.1
Maces & Flails | 4 |  4.0
Armour         | 3 |  3.2
Long Blades    | 1 |  1.0
Dodging        | |  2.9

Action                   || total
-------------------------++-------
Melee: Mace              ||    31
       Headbutt          ||     8
       Long sword        ||    27
  Use: Scroll            ||     2
Armor: Animal skin       ||     9
Dodge: Dodged            ||    35
